 Dungeon Crawl Stone Soup version 0.20-a0-864-g92acfd1 (webtiles) character file.

44 dvd the Grasshopper (level 3, 0/27 HPs)
             Began as a Demonspawn Warper on Mar 12, 2017.
             Slain by Natasha (9 damage)
             ... on level 2 of the Dungeon.
             The game lasted 00:02:56 (1288 turns).

dvd the Grasshopper (Demonspawn Warper)             Turns: 1288, Time: 00:02:56

Health: 0/27       AC:  4    Str: 11    XL:     3   Next: 39%
Magic:  5/6        EV: 12    Int: 15    God:
Gold:   49         SH:  0    Dex: 12    Spells: 2/6 levels left

rFire    . . .     SeeInvis .   a - +0 falchion
rCold    + . .     Gourm    .   b - +0 leather armour
rNeg     . . .     Faith    .   (no shield)
rPois    .         Spirit   .   (no helmet)
rElec    .         Reflect  .   k - +0 cloak
rCorr    .         Harm     .   (no gloves)
MR       .....                  (no boots)
Stlth    +.........             (no amulet)
Regen    0.1/turn               (no ring)
MPRegen  0.1/turn               (no ring)

@: no status effects
A: cold resistance 1
a: no special abilities


You were on level 2 of the Dungeon.
You were not hungry.

You visited 1 branch of the dungeon, and saw 2 of its levels.

You collected 49 gold pieces.

Inventory:

Hand Weapons
 a - a +0 falchion (weapon)
Missiles
 e - 5 tomahawks of dispersal (quivered)
Armour
 b - a +0 leather armour (worn)
 k - a +0 cloak (worn)
Scrolls
 d - a scroll of blinking
 h - a scroll of magic mapping {unknown}
 j - 3 scrolls of identify {unknown}
 l - a scroll of remove curse {unknown}
Potions
 g - a potion of lignification {unknown}
 i - a potion of mutation {unknown}
Books
 c - a book of Spatial Translocations

   Spells                             Type                      Level
   a - Blink                          Translocation                2
   b - Shroud of Golubria             Charms/Translocation         2
   c - Lesser Beckoning               Translocation                3
   d - Gell's Gravitas                Translocation                3
   e - Teleport Other                 Translocation                3
   f - Passage of Golubria            Translocation                4
Comestibles
 f - 2 bread rations
 m - a chunk of flesh


   Skills:
 + Level 2.2 Fighting
 + Level 2.2 Long Blades
 + Level 0.8 Throwing
 + Level 1.2 Armour
 + Level 2.1 Dodging
 + Level 0.2 Stealth
 + Level 2.2 Spellcasting
 + Level 0.5 Charms
 + Level 2.8 Translocations


You had 2 spell levels left.
You knew the following spells:

 Your Spells              Type           Power        Failure   Level  Hunger
a - Blink                 Tloc           N/A          17%         2    ###....
b - Shroud of Golubria    Chrm/Tloc      #.........   24%         2    ###....


Dungeon Overview and Level Annotations

Branches:
Dungeon (2/15)

Altars:

Annotations:
D:2 Natasha, Sigmund


Innate Abilities, Weirdness & Mutations

Your flesh is cold resistant. (rC+)


Message History

You closely miss the jackal. The jackal barely misses you.
The jackal bites you.
You barely miss the jackal.
Sigmund screams, "Don't try to resist!"
The jackal completely misses you.
The crimson imp shouts, "Give up, thou pandering onion-eyed baggage!"
The crimson imp blinks!
You hit the jackal.
You kill the jackal!
The crimson imp sputters.
Natasha stares at you and mumbles some strange words.
The magic dart hits you!
The crimson imp blinks!
Natasha stares at you and mumbles some strange words.
The magic dart hits you!
The crimson imp blinks!
You see here a jackal corpse.
You hit Natasha.
Natasha is moderately wounded.
Natasha claws you!
You die...

#....(..#.#....#.......#
#..!..$.............#.#
#...###.#...####.###.#
#..............###.#
##.)5..#.#######...#
#......#.# #.###
#..##@#.#.. #.# ##.
#h#.#### #.# # #@#.# #.#
#.#.# #.# #.# #.# #.#
#.# #.# #.# #.# .#. #.#
#.# # ####.# #.# ..#.#
#.# #.#.# #.#


You could see Sigmund, Natasha and a crimson imp.

Vanquished Creatures
  A worm (D:2)
  A dart slug (D:1)
  A leopard gecko (D:1)
  4 giant cockroaches
  2 hobgoblins
  6 jackals
  6 kobolds
  2 ball pythons (D:1)
  A bat (D:2)
  4 frilled lizards
  A goblin (D:1)
  9 rats (D:1)
38 creatures vanquished.

Notes
Turn   | Place    | Note
-------+----------+-------------------------------------------
     0 | D:1      | dvd the Demonspawn Warper began the quest for the Orb.
     0 | D:1      | Reached XP level 1. HP: 16/16 MP: 3/3
   209 | D:1      | Reached skill level 1 in Armour
   217 | D:1      | Gained mutation: Your flesh is cold resistant. (rC+) [demonic ancestry]
   217 | D:1      | Reached XP level 2. HP: 20/22 MP: 5/5
   221 | D:1      | Learned a level 2 spell: Blink
   224 | D:1      | Learned a level 2 spell: Shroud of Golubria
  1001 | D:2      | Reached XP level 3. HP: 27/27 MP: 3/6
  1260 | D:2      | Noticed Sigmund
  1262 | D:2      | Noticed Natasha
  1288 | D:2      | Slain by Natasha

Vault maps used:
D:1:      co_arrival_square_in_a_square_in_a_square, serial_bayou_pond_b,
          minmay_rat_gold_closets
D:2:      kennysheep_slug_shrine, uniq_natasha, uniq_sigmund

Skill      XL: |  1  2 |
---------------+-------+-----
Armour         | 1 |  1.2
Dodging        | 2 |  2.1
Long Blades    | 2 |  2.2
Fighting       | |  2.2
Throwing       | |  0.8
Stealth        | |  0.2
Spellcasting   | |  2.2
Charms         | |  0.5
Translocations | |  2.8

Action                   || total
-------------------------++-------
Melee: Falchion          ||   136
 Cast: Shroud of Golubri ||    14
  Eat: Chunk             ||     3
Armor: Leather armour    ||    32
Dodge: Dodged            ||   105
       Rpst.: Falchion   ||    34
